 Dungeon Crawl Stone Soup version 0.28-a0-691-gad6df49e81 (webtiles) character file.

Game seed: 8871573815546860884

7 cheechan the Bolt Thrower (level 2, -1/26 HPs)
             Began as a Naga Hunter on Oct 22, 2021.
             Slain by a jackal (2 damage)
             ... on level 1 of the Dungeon.
             The game lasted 00:01:07 (204 turns).

cheechan the Bolt Thrower (Naga Hunter)              Turns: 204, Time: 00:01:08

Health: -1/26      AC:  2    Str: 14    XL:     2   Next: 4%
Magic:  2/2        EV:  9    Int: 11    God:
Gold:   11         SH:  0    Dex: 11    Spells: 1/1 levels left

rFire   . . .      SeeInvis +   a - +1 hand crossbow
rCold   . . .      Faith    .   (no shield)
rNeg    . . .      Spirit   .   c - +0 leather armour
rPois   +          Reflect  .   (no helmet)
rElec   .          Harm     .   (no cloak)
rCorr   .          Rampage  .   (no gloves)
Will    .....                   (no barding)
Stlth   +.........              (no amulet)
HPRegen 0.08/turn               (no ring)
MPRegen 0.08/turn               (no ring)

@: very slow
A: AC +0, large, see invisible, deformed body, poison resistance, slowness 2,
spit poison 1, naga tail 1
a: Spit Poison


You were on level 1 of the Dungeon.
You visited 1 branch of the dungeon, and saw 1 of its levels.

You collected 11 gold pieces.

Inventory:

Hand Weapons
 a - a +1 hand crossbow (weapon)
 b - a +0 short sword
Missiles
 d - 13 bolts (quivered ammo)
Armour
 c - a +0 leather armour (worn)
Scrolls
 e - a scroll of amnesia {unknown}
Potions
 f - a potion of heal wounds {unknown}


   Skills:
 + Level 2.1 Fighting
 + Level 3.9 Crossbows
 + Level 1.7 Dodging
 + Level 1.5 Stealth


You had one spell level left.
You didn't know any spells.
Your spell library was empty.

Dungeon Overview and Level Annotations

Branches:
Dungeon (1/15)

Altars:


Innate Abilities, Weirdness & Mutations

Your serpentine skin is tough. (AC +0)
You have supernaturally acute eyesight. (SInv)
Armour fits poorly on your strangely shaped body.
Your system is resistant to poisons. (rPois)
You cover ground very slowly.
You can spit poison.
You have a snake-like lower body.


Message History

You shoot a bolt. The jackal barks!
The bolt hits the endoplasm!
You kill the endoplasm!
The jackal bites you. x2
You have reached level 2!
Fire: 17 bolts
Press: ? - help, Q - select action, (/) - cycle Shift-Dir - straight line, f - jackal
Aim: a jackal (56% to hit)
You shoot a bolt.
The bolt hits the jackal but does no damage.
The jackal barely misses you. The jackal bites you.
Fire: 16 bolts
Press: ? - help, Q - select action, (/) - cycle Shift-Dir - straight line, f/p - jackal
Aim: a jackal (56% to hit)
You shoot a bolt. The bolt hits the jackal.
The jackal is moderately wounded.
The jackal bites you. x2
Fire: 15 bolts
Press: ? - help, Q - select action, (/) - cycle Shift-Dir - straight line, f/p - jackal
Aim: a jackal (moderately wounded, 56% to hit)
You shoot a bolt. The bolt barely misses the jackal.
The jackal bites you but does no damage.
The jackal barely misses you. The jackal bites you. x2
Fire: 14 bolts
Press: ? - help, Q - select action, (/) - cycle Shift-Dir - straight line, f/p - jackal
Aim: a jackal (moderately wounded, 56% to hit)
You shoot a bolt. The bolt hits the jackal.
The jackal is severely wounded.
The jackal bites you.
* * * LOW HITPOINT WARNING * * *
The jackal bites you but does no damage.
The jackal bites you.
* * * LOW HITPOINT WARNING * * *
The jackal bites you.
* * * LOW HITPOINT WARNING * * *
The jackal bites you.
* * * LOW HITPOINT WARNING * * *
The jackal bites you.
You die...

#..#.# .. ####.##.# #.
....>##.##### #.
.....##.....# .## ###
.....##.###.## ..# ...
.....#..# #..# #.##.#
.....#.## ##.# #.(..#
.....#.## #.####h((.#
.....†..####....@h#..#
.....##.....#..#### ...#
.####...........###......
......####..##...........
.###### ##.##.###.......
## #.##.# .... . # #....#
... # ###... .. ##.. #


You could see 2 jackals.

Vanquished Creatures
  A bat (D:1)
  2 endoplasms (D:1)
  A giant cockroach (D:1)
  A goblin (D:1)
  A frilled lizard (D:1)
6 creatures vanquished.

Notes
Turn   | Place    | Note
-------+----------+-------------------------------------------
     0 | D:1      | cheechan the Naga Hunter began the quest for the Orb.
     0 | D:1      | Reached XP level 1. HP: 19/19 MP: 1/1
   200 | D:1      | Reached XP level 2. HP: 14/26 MP: 2/2
   204 | D:1      | HP: 1/26 [jackal (3)]
   204 | D:1      | Slain by a jackal

Illustrated notes

Levels and vault maps discovered:
D:1:      wander_arrival_peaceful_grave, layout_rooms, serial_shops,
          shop_fountains

Action                   || total
-------------------------++-------
 Fire: Hand crossbow     ||    16
Armor: Leather armour    ||     6
Dodge: Dodged            ||     9

Table legend: (Time is in decaauts)
 A = Elapsed time spent in this place.
 B = Non-inter-level travel time spent in this place.
 C = Inter-level travel time spent in this place.
 D = Time resting spent in this place.
 E = Time spent auto-exploring this place.
 F = Levels seen in this place.
 G = Mean time per level.
                   A        B        C        D        E       F      G
               +--------+--------+--------+--------+--------+-----+--------+
         Total |    280 |    280 |      0 |      0 |      0 |   1 |  280.0 |
       Dungeon |    280 |    280 |      0 |      0 |      0 |   1 |  280.0 |
               +--------+--------+--------+--------+--------+-----+--------+

Top non-repeatable levels by time:
     D:1: 280 daAuts
